Map: Babylon LE

Players

bungus

  • Race: Protoss Protoss
  • League: Platinum
  • Spawn Location: 5:00

NoobToss - Winner!

  • Race: Terran Terran
  • League: Platinum
  • Spawn Location: 11:00

VOD

Have the link to the VOD?

Description

Time

  • Played on: March 20, 2023, 6:12 p.m.
  • Length: 14:36
Show
View Real Time Build Order
Export as new Build Order

bungus Protoss 

Build Orders: 1 Gate Expand, Oracle Opening, Zealot Archon 

Get SALT Encoding   

  12  0:00  Probe  
  13  0:15  Pylon  
  13  0:20  Probe  
  14  0:32  Probe  
  15  0:38  Gateway  
  15  0:44  Probe (Chrono Boost)  
  15  0:47  Assimilator  
  16  0:56  Probe (Chrono Boost)  
  17  1:03  Probe (Chrono Boost)  
  18  1:11  Probe  
  19  1:31  Nexus  
  19  1:42  Cybernetics Core  
  19  1:45  Probe  
  20  1:52  Pylon  
  20  2:07  Probe  
  21  2:13  Gateway  
  21  2:16  Warp Gate (Chrono Boost), Assimilator  
  21  2:19  Probe  
  22  2:27  Adept (Chrono Boost)  
  24  2:41  Stargate  
  23  2:55  Adept (Chrono Boost)  
  24  2:59  Probe x2  
  25  3:13  Stalker  
  25  3:14  Probe x2  
  29  3:26  Probe x2  
  31  3:31  Assimilator  
  31  3:36  Oracle (Chrono Boost)  
  31  3:38  Probe  
  35  3:52  Probe x2  
  37  4:01  Zealot x2  
  41  4:08  Twilight Council  
  41  4:12  Gateway  
  41  4:15  Probe x2  
  43  4:22  Stalker  
  45  4:33  Pylon  
  45  4:38  Pylon  
  45  4:40  Probe  
  45  4:45  Charge (Chrono Boost)  
  46  4:47  Gateway  
  46  5:10  Probe x2  
  45  5:14  Pylon  
  45  5:22  Stalker, Probe x2  
  45  5:23  Stalker  
  45  5:24  Templar Archives  
  51  5:29  Assimilator  
  51  5:33  Sentry  
  53  5:37  Probe x2  
  55  5:47  Robotics Facility  
  55  5:49  Pylon  
  55  5:54  Pylon  
  55  5:59  Psionic Storm  
  55  6:02  High Templar  
  55  6:03  High Templar  
  59  6:06  Zealot x2  
  59  6:07  Archon  
  59  6:09  Probe x2  
  65  6:25  Probe x2  
  67  6:40  Nexus  
  67  6:45  Pylon  
  67  6:48  Pylon  
  67  6:49  Probe x2 (Chrono Boost)  
  67  6:51  High Templar  
  67  6:52  High Templar  
  75  7:01  Probe (Chrono Boost)  
  75  7:02  High Templar, Probe (Chrono Boost)  
  75  7:05  Zealot  
  75  7:08  Probe x2 (Chrono Boost)  
  80  7:15  Probe  
  81  7:16  Observer (Chrono Boost), Probe  
  84  7:27  Probe  
  84  7:28  Probe  
  86  7:30  Immortal (Chrono Boost)  
  90  7:38  Stalker x2  
  90  7:39  Probe  
  90  7:40  Probe  
  90  7:41  Stalker  
  98  7:51  Probe  
  99  7:57  Probe x2  
  101  8:01  Warp Prism (Chrono Boost)  
  101  8:04  High Templar x2  
  107  8:06  Zealot x2  
  107  8:08  Archon  
  111  8:15  Gateway  
  111  8:18  Gateway  
  111  8:20  Gateway  
  111  8:23  Pylon  
  111  8:26  Shield Battery  
  111  8:29  Shield Battery  
  111  8:30  Probe  
  111  8:31  Probe, Assimilator  
  111  8:32  Probe  
  114  8:34  High Templar, Assimilator  
  116  8:43  Pylon  
  116  8:45  Immortal (Chrono Boost)  
  116  8:46  Pylon  
  120  8:49  High Templar  
  120  8:50  High Templar  
  124  9:13  Robotics Bay  
  124  9:16  Probe x2, Nexus  
  126  9:17  Probe  
  126  9:19  Observer (Chrono Boost)  
  126  9:24  Pylon  
  128  9:26  Pylon  
  128  9:28  Stalker x4, Pylon  
  136  9:41  Observer (Chrono Boost)  
  137  9:49  Robotics Facility  
  137  9:51  Sentry, Immortal (Chrono Boost)  
  137  9:52  Sentry  
  141  9:53  Zealot x4  
  141  9:56  Probe (Chrono Boost)  
  141  9:57  Probe (Chrono Boost)  
  141  9:58  Probe (Chrono Boost)  
  156  10:03  Extended Thermal Lance  
  158  10:08  Probe x2 (Chrono Boost)  
  158  10:09  Probe (Chrono Boost)  
  158  10:21  Pylon  
  158  10:23  Pylon  
  158  10:28  Forge  
  158  10:30  Forge  
  158  10:32  Forge  
  164  10:39  Colossus (Chrono Boost)  
  164  10:40  Colossus (Chrono Boost)  
  170  10:47  Stalker x2  
  170  10:48  Stalker x2  
  178  10:51  Probe  
  179  11:01  High Templar  
  179  11:02  High Templar  
  179  11:03  Pylon  
  183  11:06  Pylon  
  183  11:09  Protoss Ground Weapons Level 1 (Chrono Boost)  
  183  11:11  Pylon  
  183  11:13  Probe x4  
  187  11:19  Protoss Ground Armor Level 1 (Chrono Boost)  
  187  11:20  Protoss Shields Level 1 (Chrono Boost)  
  187  11:25  Probe x2  
  189  11:27  Assimilator x2  
  189  11:28  Colossus  
  184  11:47  Zealot  
  184  11:48  Zealot x4  
  184  11:49  Zealot x2  
  168  11:56  Archon  
  141  12:03  Colossus (Chrono Boost)  
  141  12:08  Void Ray  
  117  12:19  Zealot x2  
  117  12:20  Zealot x2  
  89  12:34  Immortal (Chrono Boost)  
  89  12:35  Gateway  
  89  12:36  Gateway x2  
  84  12:37  Gateway  
  88  12:44  Stalker x4  
  88  12:46  Probe x2  
  88  12:47  Probe  
  88  12:50  Immortal (Chrono Boost)  
  89  13:07  Immortal  
  90  13:16  Stalker x3  
  90  13:17  Stalker  
  75  13:29  Colossus (Chrono Boost)  
  74  13:36  Stalker x2  
  70  13:45  Immortal (Chrono Boost)  
  67  13:52  Gateway  
  67  13:53  Gateway  
  67  13:55  Gateway x2  
  59  14:00  High Templar  
  59  14:01  Cybernetics Core, High Templar  
  62  14:06  Archon  
  62  14:08  Zealot  
  60  14:10  Probe  
Show
View Real Time Build Order
Export as new Build Order

NoobToss Terran - Winner!

Build Orders: Reaper Expand, Mech 

Get SALT Encoding   

  12  0:00  SCV  
  13  0:12  SCV  
  14  0:17  Supply Depot  
  14  0:24  SCV  
  15  0:38  SCV  
  15  0:40  Barracks  
  16  0:47  Refinery  
  16  0:52  SCV  
  18  1:04  SCV  
  18  1:16  SCV  
  19  1:28  Orbital Command  
  19  1:38  Reaper  
  20  1:53  Command Center  
  20  1:58  SCV  
  21  2:03  Supply Depot  
  20  2:10  SCV  
  21  2:24  SCV  
  21  2:28  Refinery  
  22  2:31  Factory  
  22  2:33  Barracks Tech Lab  
  22  2:36  SCV  
  23  2:48  SCV  
  24  3:01  SCV  
  25  3:09  Orbital Command  
  25  3:13  SCV  
  26  3:20  Barracks Reactor  
  26  3:22  Cyclone  
  26  3:25  SCV  
  30  3:34  SCV  
  30  3:37  SCV  
  30  3:40  Factory  
  32  3:47  SCV  
  33  3:49  SCV  
  33  3:50  Supply Depot  
  34  3:59  SCV  
  34  4:01  SCV  
  34  4:02  Cyclone  
  39  4:03  Marine x2  
  41  4:11  SCV  
  41  4:13  SCV  
  41  4:16  Supply Depot  
  43  4:23  SCV  
  44  4:25  SCV, Factory Tech Lab  
  45  4:32  Marine x2  
  45  4:34  Supply Depot  
  45  4:35  SCV  
  45  4:37  SCV, Siege Tank  
  52  4:41  Refinery  
  52  4:45  Refinery  
  52  4:47  SCV  
  52  4:49  SCV  
  54  4:57  Command Center  
  54  4:59  SCV  
  55  5:02  SCV  
  56  5:12  SCV  
  56  5:14  SCV  
  58  5:20  Supply Depot  
  58  5:21  Supply Depot  
  58  5:24  Armory, SCV  
  58  5:26  SCV  
  58  5:27  Engineering Bay  
  60  5:36  SCV  
  60  5:38  SCV  
  62  5:48  SCV  
  63  5:50  SCV  
  64  6:00  SCV  
  64  6:02  SCV  
  66  6:06  Missile Turret  
  66  6:11  Missile Turret  
  66  6:12  SCV  
  66  6:14  SCV  
  66  6:16  Terran Vehicle Weapons Level 1  
  68  6:22  Factory  
  68  6:23  Factory  
  68  6:24  SCV, Factory  
  69  6:26  SCV  
  69  6:28  Missile Turret  
  70  6:33  Thor x2  
  70  6:36  SCV  
  70  6:38  SCV  
  84  6:45  Orbital Command  
  83  6:48  SCV  
  83  6:50  SCV  
  85  7:00  SCV  
  86  7:03  SCV  
  86  7:06  Armory  
  87  7:09  Refinery  
  87  7:11  Refinery  
  87  7:12  SCV  
  87  7:13  SCV  
  87  7:15  SCV  
  90  7:16  Siege Tank, Thor  
  90  7:21  Missile Turret  
  90  7:22  Factory Tech Lab  
  99  7:23  Factory Tech Lab  
  99  7:24  SCV  
  99  7:25  SCV  
  99  7:26  Factory Reactor  
  101  7:38  Supply Depot  
  101  7:39  Supply Depot  
  101  7:59  Thor  
  101  8:00  Hellion  
  101  8:01  SCV x2, Supply Depot x2, Thor  
  117  8:07  Terran Vehicle And Ship Armor Level 1  
  117  8:16  Sensor Tower  
  117  8:19  Infernal Pre-Igniter  
  117  8:22  Thor  
  117  8:23  Hellion x2, SCV x3, Supply Depot  
  117  8:25  Supply Depot  
  130  8:35  SCV x3  
  130  8:40  Command Center  
  133  8:45  Hellion x3  
  133  8:46  Thor  
  133  8:47  SCV x2, Factory  
  133  8:48  Factory  
  147  8:51  Factory  
  147  8:58  SCV  
  147  8:59  SCV  
  147  9:00  Sensor Tower  
  149  9:16  Command Center  
  149  9:18  SCV x2, Thor  
  149  9:19  Supply Depot  
  149  9:21  Supply Depot  
  149  9:23  Supply Depot  
  157  9:36  Factory Tech Lab  
  157  9:38  Factory Tech Lab  
  157  9:39  Factory Reactor  
  157  9:40  Smart Servos  
  157  9:41  Hellion x3, SCV  
  157  9:42  Neosteel Armor  
  164  9:54  Missile Turret  
  164  9:57  Refinery, Planetary Fortress  
  164  9:59  Refinery  
  164  10:02  SCV x3  
  164  10:05  Thor x2  
  183  10:07  Hellion x3  
  183  10:10  Thor  
  191  10:15  Hellion  
  193  10:35  Thor  
  199  10:49  Factory  
  199  10:52  Factory x2  
  199  11:08  Command Center  
  199  11:23  Terran Vehicle Weapons Level 2  
  199  11:24  Terran Vehicle And Ship Armor Level 2  
  193  11:42  Thor x2  
  193  11:45  Factory Tech Lab  
  193  11:46  Factory Reactor  
  189  11:47  Thor  
  189  11:50  Thor x2  
  189  11:51  Hellion  
  195  12:13  Hellion, Thor  
  195  12:14  Hellion  
  169  12:23  Factory, Thor  
  169  12:24  Factory  
  169  12:28  Command Center  
  169  12:34  Hellion x6  
  181  12:40  Thor x2  
  193  12:48  Thor  
  199  13:02  Planetary Fortress  
  193  13:06  Refinery  
  189  13:25  Factory Tech Lab  
  189  13:26  Thor x2  
  199  13:48  Refinery  
  199  13:49  Planetary Fortress  
  199  14:10  Refinery  
  199  14:22  Refinery x2  
Tags
 
Add a new tag
Caveats
  • Supply blocks, unpowered buildings, or Contaminate may cause inaccurate times.
  • Supply counts are checked every 10 seconds.